 Dungeon Crawl Stone Soup version 0.29-a0-824-gd827844252 (webtiles) character file.

Game seed: 3342063201749306386

42130 coolguy69 the Slicer (level 14, -36/77 HPs)
             Began as a Vine Stalker Berserker on July 11, 2022.
             Was a High Priest of Trog.
             Killed from afar by a lindwurm (38 damage)
             ... with a blast of flame
             ... on level 6 of the Lair of Beasts.
             The game lasted 00:19:47 (15271 turns).

coolguy69 the Slicer (Vine Stalker Berserker)      Turns: 15271, Time: 00:19:48

Health: -36/77     AC: 33    Str: 24    XL:     14   Next: 18%
Magic:  0/13       EV: 11    Int:  7    God:    Trog [*****.]
Gold:   1821       SH:  5    Dex: 15    Spells: 13/13 levels left

rFire   . . .      SeeInvis .   R - +7 rapier "Zaudaochag" {vorpal, rElec}
rCold   + . .      Faith    .   d - +0 buckler
rNeg    . . .      Spirit   +   m - +3 chain mail of Fallacy {rPois}
rPois   +          Reflect  .   V - +2 helmet
rElec   +          Harm     .   z - +2 cloak {Will+}
rCorr   +          Rampage  .   n - +2 pair of gloves
Will    ++...                   I - +0 pair of boots
Stlth   ..........              (no amulet)
HPRegen 1.02/turn               w - ring of resist corrosion
MPRegen 0.13/turn               q - +4 ring of protection

@: about to teleport, on berserk cooldown, slowed, very slow
A: fangs 3, regeneration 1, magic shield, antimagic bite, no potion heal 2,
iridescent scales 1, cold resistance 1, low MP 1
a: Renounce Religion, Berserk, Trog's Hand, Brothers in Arms


You were on level 6 of the Lair of Beasts.
You worshipped Trog.
Trog was extremely pleased with you.
You visited 2 branches of the dungeon, and saw 16 of its levels.

You collected 1821 gold pieces.

Inventory:

Hand Weapons
 f - a +2 dagger of draining
 r - a +4 vampiric short sword
 R - the +7 rapier "Zaudaochag" (weapon) {vorpal, rElec}
   (Trog gifted it to you on level 5 of the Lair of Beasts)

   It inflicts extra damage upon your enemies.
   rElec:     It insulates you from electricity.
Missiles
 u - a throwing net (quivered)
Armour
 d - a +0 buckler (worn)
 m - the +3 chain mail of Fallacy (worn) {rPois}
   (You found it on level 2 of the Dungeon)

   rPois:     It protects you from poison.
 n - a +2 pair of gloves (worn)
 z - a +2 cloak of willpower (worn)
 I - a +0 pair of boots (worn)
 V - a +2 helmet (worn)
Jewellery
 j - a ring of willpower
 q - a +4 ring of protection (right hand)
 t - a ring of protection from fire
 w - a ring of resist corrosion (left hand)
 y - a ring of flight
 K - a ring of protection from cold
 M - a ring of see invisible
Wands
 b - a wand of polymorph (4)
 h - a wand of mindburst (29)
 p - a wand of digging (10)
 s - a wand of roots (13)
 O - a wand of paralysis (11)
 T - a wand of flame (15)
Scrolls
 c - 4 scrolls of noise
 A - 6 scrolls of teleportation
 B - 2 scrolls of immolation {unknown}
 C - a scroll of poison
 D - a scroll of fog
 F - a scroll of vulnerability
 G - 2 scrolls of summoning
 H - a scroll of magic mapping
 J - 6 scrolls of identify
 L - a scroll of fear {unknown}
 Q - a scroll of enchant weapon
 S - 3 scrolls of blinking
 U - a scroll of enchant armour
Potions
 a - 3 potions of magic
 e - 2 potions of attraction {unknown}
 g - 9 potions of curing
 i - 2 potions of brilliance
 k - 5 potions of flight
 l - 4 potions of ambrosia
 o - 5 potions of resistance
 v - 5 potions of haste
 x - 2 potions of lignification
 E - a potion of might
 N - a potion of degeneration {unknown}
 P - a potion of berserk rage {unknown}


   Skills:
 + Level 10.3 Fighting
 + Level 13.1 Short Blades
 + Level 11.7 Armour
 + Level 6.4 Dodging
 + Level 3.1 Stealth
 + Level 5.7 Shields
 + Level 0.2 Evocations


You had 13 spell levels left.
You didn't know any spells.
Your spell library was empty.

Dungeon Overview and Level Annotations

Branches:
Dungeon (10/15)            Temple (0/1) D:4            Lair (6/6) D:10
 Shoals (0/4) Lair:3        Snake (0/4) Lair:3        Slime (0/5) Lair:5
    Orc (0/2) D:10

Altars:
Ashenzari
Cheibriados
Gozag
Ru
Vehumet
Jiyva

Shops:
D:3 =   D:5 ?   D:10 (


Innate Abilities, Weirdness & Mutations

You have razor-sharp teeth.
Your natural rate of healing is unusually fast.
When hurt, damage is shared between your health and your magic reserves.
Your bite disrupts and absorbs the magic of your enemies.
Potions cannot restore your health.
You are partially covered in iridescent scales. (AC +2)
Your flesh is cold resistant. (rC+)
Your magical capacity is low. (-10% MP)


Message History

You feel yourself slow down. The dream sheep bites you.
The lindwurm bites you but does no damage.
The lindwurm claws you but does no damage.
The lindwurm claws you.
* * * LOW HITPOINT WARNING * * *
The dream sheep bites you but does no damage.
The lindwurm bites you but does no damage.
The lindwurm claws you but does no damage.
The lindwurm barely misses you.
You turn to flesh and can move again.
You hit the lindwurm.
The lindwurm is moderately wounded.
The dream sheep bites you.
* * * LOW HITPOINT WARNING * * *
You block the lindwurm's attack. The lindwurm completely misses you.
The lindwurm closely misses you.
Unknown command.
Unknown command.
You hit the lindwurm. You bite the lindwurm! You drain its power.
You feel invigorated.
The lindwurm is heavily wounded.
The dream sheep bites you.
* * * LOW HITPOINT WARNING * * *
The lindwurm breathes flames at you. The blast of flame hits you!
* * * LOW HITPOINT WARNING * * *
You barely miss the lindwurm. Your bite misses the lindwurm.
The lindwurm is heavily wounded.
The dream sheep bites you.
* * * LOW HITPOINT WARNING * * *
The lindwurm bites you!
* * * LOW HITPOINT WARNING * * *
The lindwurm claws you but does no damage.
The lindwurm closely misses you.
As you read the scroll of teleportation, it crumbles to dust.
You feel strangely unstable. The dream sheep bites you!
* * * LOW HITPOINT WARNING * * *
The lindwurm breathes flames at you. The blast of flame hits you!!!
You die...

##### # #...#### ##.
.†...P.### ## P.
.........# ##. ..
#†###...†#####....#####
#........†.##.........#
#...#.....###...#Y#...#
#...#..†###)###.@k....#
######.......#...######
..##P..#.#...#....P#
..##.........#.....#
..###....#####^....#
...##............###
.P####.#P.......## ###
#####.P.#### ###
#########


You could see a lindwurm (catching breath) and a dream sheep.

Vanquished Creatures
  A dire elephant (Lair:6)
  Josephine (Lair:4)
  Fannar (Lair:3)
  Harold (D:9)
  2 hydras (Lair:4)
  Erica (Lair:2)
  A centaur warrior (D:8)
  2 catoblepae
  6 death yaks
  Urug (Lair:4)
  Pikel (D:5)
  An orc knight (D:10)
  An oklob plant (Lair:2)
  A manticore (Lair:6)
  2 cyclopes (D:8)
  11 elephants
  5 black mambas
  Maggie (D:9)
  13 cane toads
  5 rime drakes
  A kobold demonologist (D:8)
  8 komodo dragons
  A polar bear (Lair:2)
  Grinder (D:6)
  4 blink frogs
  Prince Ribbit (D:6)
  2 dream sheep (Lair:6)
  4 slime creatures (D:8)
  A snapping turtle (Lair:3)
  Sigmund (D:4)
  6 wyverns
  28 yaks
  A spriggan (Lair:4)
  5 wraiths
  4 basilisks
  Eustachio (D:6)
  Grum (D:9)
  4 steam dragons
  Edmund (D:6)
  8 water moccasins
  3 nagas (Lair:3)
  Duvessa (D:5)
  2 acid dragons
  A sky beast (D:6)
  2 ice beasts (D:7)
  4 orc warriors (D:10)
  5 black bears
  5 wolves
  2 ogres
  4 centaurs
  3 phantoms
  3 kobold brigands
  3 necrophages (D:6)
  15 bullfrogs
  A gnoll sergeant (D:9)
  A scorpion (D:7)
  3 wights (D:7)
  Dowan (D:5)
  3 killer bees (D:10)
  3 howler monkeys
  6 electric eels
  8 hounds
  4 jellies
  7 orc priests
  Crazy Yiuf (D:6)
  A gnoll bouda (D:10)
  Ijyb (D:5)
  2 iguanas
  5 orc wizards
  11 gnolls
  10 adders
  A shadow imp (D:4)
  3 white imps
  4 ufetubi
  4 worms
  43 orcs
  4 ball pythons
  10 bats
  4 endoplasms
  2 giant cockroaches (D:3)
  9 goblins
  6 hobgoblins
  4 jackals (D:2)
  18 kobolds
  4 quokkas
  5 frilled lizards
  6 rats
389 creatures vanquished.

Vanquished Creatures (others)
  An orc wizard (D:8)
  15 fungi
  33 plants
49 creatures vanquished.

Grand Total: 438 creatures vanquished

Notes
Turn   | Place    | Note
-------+----------+-------------------------------------------
     0 | D:1      | coolguy69 the Vine Stalker Berserker began the quest for
                  | the Orb.
     0 | D:1      | Reached XP level 1. HP: 11/11 MP: 2/2
   422 | D:1      | Reached XP level 2. HP: 14/16 MP: 3/3
   899 | D:1      | Found a faded altar of an unknown god.
   931 | D:1      | Reached skill level 3 in Short Blades
   931 | D:1      | Reached XP level 3. HP: 15/20 MP: 2/4
  1689 | D:2      | Identified the +3 chain mail of Fallacy {rPois}
  1936 | D:2      | Gained mutation: Your natural rate of healing is unusually
                  | fast. [Vine Stalker growth]
  1936 | D:2      | Reached XP level 4. HP: 19/24 MP: 5/5
  1937 | D:2      | Reached ** piety under Trog
  1943 | D:2      | Reached skill level 1 in Stealth
  2413 | D:3      | Found Qouchach's Jewellery Shop.
  2667 | D:3      | Reached XP level 5. HP: 20/28 MP: 4/6
  2748 | D:3      | Found a broken altar of Ashenzari.
  3079 | D:4      | Reached skill level 4 in Short Blades
  3196 | D:4      | Reached XP level 6. HP: 11/32 MP: 4/7
  3211 | D:4      | Noticed Sigmund
  3222 | D:4      | Killed Sigmund
  3259 | D:4      | Reached XP level 7. HP: 11/37 MP: 2/8
  3590 | D:4      | Found a staircase to the Ecumenical Temple.
  3676 | D:5      | Entered Level 5 of the Dungeon
  3778 | D:5      | Found Jyit's Magic Scroll Emporium.
  3786 | D:5      | Reached skill level 5 in Short Blades
  3820 | D:5      | Reached *** piety under Trog
  3871 | D:5      | Noticed Pikel
  3891 | D:5      | Killed Pikel
  3892 | D:5      | Gained mutation: You have razor-sharp teeth. [Vine Stalker
                  | growth]
  3892 | D:5      | Reached XP level 8. HP: 42/42 MP: 9/9
  3940 | D:5      | Noticed Duvessa
  3941 | D:5      | Noticed Dowan
  3951 | D:5      | Killed Duvessa
  3952 | D:5      | Reached skill level 6 in Short Blades
  3952 | D:5      | Killed Dowan
  4035 | D:5      | Found a radiant altar of Vehumet.
  4068 | D:5      | Found a sacrificial altar of Ru.
  4085 | D:5      | Noticed Ijyb
  4090 | D:5      | Killed Ijyb
  4290 | D:6      | Reached skill level 5 in Fighting
  4302 | D:6      | Reached skill level 5 in Armour
  4302 | D:6      | Reached XP level 9. HP: 46/47 MP: 7/10
  4346 | D:6      | Identified the +10 sling "Ximnir" {freeze, rC+ Dex+5}
  4492 | D:6      | Noticed Prince Ribbit
  4512 | D:6      | Killed Prince Ribbit
  4513 | D:6      | Reached skill level 7 in Short Blades
  4875 | D:6      | Found a runed translucent door.
  4876 | D:6      | Noticed Crazy Yiuf
  4934 | D:6      | Noticed Grinder
  4976 | D:6      | Killed Grinder
  4991 | D:6      | Noticed Eustachio
  5015 | D:6      | Killed Eustachio
  5044 | D:6      | Noticed Edmund
  5058 | D:6      | Killed Edmund
  5371 | D:6      | Found a snail-covered altar of Cheibriados.
  5482 | D:6      | Killed Crazy Yiuf
  5533 | D:6      | Gained mutation: You expend magic power (3 MP) to
                  | strengthen your wands. [potion of mutation]
  5660 | D:7      | Found a flagged portal.
  5745 | D:7      | Reached skill level 8 in Short Blades
  5781 | D:7      | Reached XP level 10. HP: 53/53 MP: 11/11
  6467 | D:8      | Reached **** piety under Trog
  6513 | D:8      | Found an opulent altar of Gozag.
  6553 | D:8      | Noticed a cyclops
  6553 | D:8      | Noticed a cyclops
  6553 | D:8      | Noticed a kobold demonologist
  6554 | D:8      | Noticed a centaur warrior
  6889 | D:8      | Killed a cyclops
  6900 | D:8      | Reached skill level 9 in Short Blades
  6923 | D:8      | Killed a kobold demonologist
  6930 | D:8      | Killed a centaur warrior
  6935 | D:8      | Killed a cyclops
  6940 | D:8      | Reached XP level 11. HP: 54/58 MP: 5/12
  7179 | D:9      | Noticed Grum
  7201 | D:9      | Killed Grum
  7202 | D:9      | Reached skill level 5 in Dodging
  7332 | D:9      | Noticed Harold
  7349 | D:9      | Killed Harold
  7350 | D:9      | Reached skill level 10 in Short Blades
  7906 | D:9      | Reached ***** piety under Trog
  7928 | D:9      | Reached skill level 1 in Shields
  8179 | D:9      | Noticed Maggie
  8196 | D:9      | Killed Maggie
  8486 | D:10     | Entered Level 10 of the Dungeon
  8539 | D:10     | Noticed an orc knight
  8578 | D:10     | Killed an orc knight
  8669 | D:10     | Found a staircase to the Orcish Mines.
  8847 | D:10     | Found Ibbisiox's Weapon Shoppe.
  9081 | D:10     | Found a staircase to the Lair.
  9432 | Lair:1   | Entered Level 1 of the Lair of Beasts
  9865 | Lair:1   | Reached skill level 11 in Short Blades
  9865 | Lair:1   | Reached XP level 12. HP: 64/65 MP: 13/13
 10685 | Lair:2   | Noticed Erica
 10700 | Lair:2   | Killed Erica
 10940 | Lair:2   | Found a sacrificial altar of Ru.
 11287 | Lair:3   | Found a staircase to the Snake Pit.
 11553 | Lair:3   | Noticed a death yak
 11557 | Lair:3   | Noticed a death yak
 11557 | Lair:3   | Noticed a death yak
 11559 | Lair:3   | Noticed a death yak
 11581 | Lair:3   | Killed a death yak
 11589 | Lair:3   | Killed a death yak
 11597 | Lair:3   | Killed a death yak
 11604 | Lair:3   | Killed a death yak
 11876 | Lair:3   | Noticed Fannar
 11909 | Lair:3   | Killed Fannar
 11915 | Lair:3   | Reached skill level 12 in Short Blades
 11924 | Lair:3   | Reached skill level 10 in Armour
 12147 | Lair:3   | Reached XP level 13. HP: 49/70 MP: 14/14
 12459 | Lair:3   | Found a staircase to the Shoals.
 12527 | Lair:3   | Identified the +1 scale mail of Atialif {rPois rF++ Int-2}
 12635 | Lair:4   | Noticed Urug
 12653 | Lair:4   | Killed Urug
 12774 | Lair:4   | Noticed Josephine
 12793 | Lair:4   | Killed Josephine
 13136 | Lair:4   | Reached skill level 5 in Shields
 13748 | Lair:5   | Identified the +7 rapier "Zaudaochag" {vorpal, rElec} (Trog
                  | gifted it to you on level 5 of the Lair of Beasts)
 13748 | Lair:5   | Received a gift from Trog
 13819 | Lair:5   | Lost mutation: You expend magic power (3 MP) to strengthen
                  | your wands. [potion of mutation]
 13819 | Lair:5   | Gained mutation: You are clumsy. (Dex -2) [potion of
                  | mutation]
 13819 | Lair:5   | Gained mutation: You are partially covered in iridescent
                  | scales. (AC +2) [potion of mutation]
 13819 | Lair:5   | Gained mutation: Your flesh is heat resistant. (rF+)
                  | [potion of mutation]
 13820 | Lair:5   | Lost mutation: You are partially covered in iridescent
                  | scales. (AC +2) [potion of mutation]
 13820 | Lair:5   | Lost mutation: You are clumsy. (Dex -2) [potion of
                  | mutation]
 13820 | Lair:5   | Lost mutation: Your flesh is heat resistant. (rF+) [potion
                  | of mutation]
 13820 | Lair:5   | Gained mutation: You are partially covered in iridescent
                  | scales. (AC +2) [potion of mutation]
 13820 | Lair:5   | Gained mutation: Your magical capacity is low. (-10% MP)
                  | [potion of mutation]
 13820 | Lair:5   | Gained mutation: Your flesh is cold resistant. (rC+)
                  | [potion of mutation]
 14409 | Lair:5   | Found a viscous altar of Jiyva.
 14410 | Lair:5   | Found a staircase to the Slime Pits.
 14868 | Lair:6   | Entered Level 6 of the Lair of Beasts
 14875 | Lair:6   | Reached skill level 10 in Fighting
 15087 | Lair:6   | Reached XP level 14. HP: 75/77 MP: 13/13
 15150 | Lair:6   | Noticed a dire elephant
 15167 | Lair:6   | Killed a dire elephant
 15168 | Lair:6   | Reached skill level 13 in Short Blades
 15271 | Lair:6   | HP: 2/77 [dream sheep (7)]
 15271 | Lair:6   | Killed from afar by a lindwurm

Illustrated notes

Levels and vault maps discovered:
D:1:      matt_arrival_grand_opening, layout_basic,
          shapermc_ecumenical_altar_mp_highgroup, nicolae_titane
D:2:      layout_loops_corners, kennysheep_generic_room_13
D:3:      layout_basic, general_overflow_altar, serial_shops,
          nicolae_shop_window_shopping, minmay_surrounded
D:4:      layout_rooms, temple_hall, serial_demonic, serial_demonic_b,
          serial_demonic_d, serial_demonic_c, serial_demonic_f,
          serial_demonic_e, serial_demonic_e, serial_demonic_b,
          serial_demonic_a, minmay_crossroads, uniq_sigmund
D:5:      layout_rooms, mainiacjoe_overflow_catwalk_spiral, serial_shops, shop,
          roderic_roman_lattice, uniq_ijyb, uniq_duvessa, uniq_pikel
D:6:      layout_cave_pools, cheibrodos_worm_habitat,
          nicolae_kite_square_tiling_tiny, minmay_misc_feat_more_columns,
          dk_noncrumbling_4, supply_closet_lemuel, minmay_starry_boxes,
          uniq_prince_ribbit1, uniq_eustachio, uniq_edmund,
          uniq_crazy_yiuf_cottage, uniq_grinder
D:7:      layout_loops_ring, enter_bailey_5
D:8:      layout_cave_pools, mainiacjoe_overflow_brackets, minivault_12
D:9:      cheibrodos_steamvent, layout_loops_corners, uniq_grum, uniq_maggie,
          uniq_harold
D:10:     layout_roguey, david_lair_shrubbed, david_orc_5, serial_shops,
          nicolae_shop_bloodbath_and_beyond
Lair:1:   layout_cave_shapes, hangedman_lair_unloving_vines,
          lemuel_fruit_fields, serial_bayou_shore_a, infiniplex_staircase_pool
Lair:2:   layout_regular_city, lemuel_oklob_altar, serial_bayou_shore_b,
          uniq_erica
Lair:3:   layout_cave_pods, minmay_shoals_entry_hut,
          guppyfry_snake_entry_garden, st_stairs_6, uniq_fannar
Lair:4:   layout_small_grid, grunt_forest_large_clearing_hut, uniq_urug,
          uniq_josephine
Lair:5:   layout_layer_cave, dpeg_slime_entry_enclosed, serial_bayou,
          serial_bayou_pond_d, serial_bayou_lake_a, serial_bayou_crossing,
          serial_bayou_lagoon_b
Lair:6:   hangedman_lair_in_review, layout_regular_city,
          chequers_serial_rivers_micro_e, uniq_rupert

Skill      XL: |  1  2  3  4  5  6  7  8  9 10 11 12 13 14 |
---------------+-------------------------------------------+-----
Fighting       | 3 4 5 6 8 9 10 | 10.3
Short Blades   | 3 4 5 6 8 9 11 12 13 | 13.1
Dodging        | 2 3 4 5 6 |  6.4
Stealth        | 1 2 3 |  3.1
Armour         | 2 4 5 6 7 8 10 11 | 11.7
Shields        | 1 3 5 |  5.7
Evocations     | |  0.2

Action                   |  1- 3 |  4- 6 |  7- 9 | 10-12 | 13-15 || total
-------------------------+-------+-------+-------+-------+-------++-------
Melee: Short sword       |    86 |   178 |   316 |   945 |   335 ||  1860
       Bite              |    19 |    52 |    94 |   349 |   233 ||   747
       Punch             |     1 |     1 |     8 |     2 |       ||    12
       Rapier            |       |       |       |       |   170 ||   170
Invok: Berserk           |     1 |     3 |     6 |     8 |     7 ||    25
Evoke: Wand              |       |       |       |     1 |       ||     1
  Use: Potion            |       |     2 |     1 |     1 |     2 ||     6
       Scroll            |       |       |    16 |    10 |     3 ||    29
 Stab: Sleeping          |     2 |     1 |       |       |       ||     3
       Petrifying        |       |       |       |       |     1 ||     1
Armor: Animal skin       |    27 |     3 |       |       |       ||    30
       Chain mail        |       |   145 |   186 |   471 |   285 ||  1087
Dodge: Dodged            |    64 |   134 |   121 |   365 |   176 ||   860
Block: Buckler           |       |       |       |   124 |    89 ||   213

Table legend: (Time is in decaauts)
 A = Elapsed time spent in this place.
 B = Non-inter-level travel time spent in this place.
 C = Inter-level travel time spent in this place.
 D = Time resting spent in this place.
 E = Time spent auto-exploring this place.
 F = Levels seen in this place.
 G = Mean time per level.
                   A        B        C        D        E       F      G
               +--------+--------+--------+--------+--------+-----+--------+
         Total |  14919 |  14522 |    397 |   1417 |  10236 |  16 |  932.4 |
       Dungeon |   9277 |   8964 |    313 |   1109 |   5993 |  10 |  927.7 |
          Lair |   5642 |   5558 |     84 |    308 |   4242 |   6 |  940.3 |
               +--------+--------+--------+--------+--------+-----+--------+

Top non-repeatable levels by time:
  Lair:3: 1357 daAuts
     D:9: 1332 daAuts
  Lair:5: 1314 daAuts
     D:6: 1313 daAuts
     D:1: 1287 daAuts
     D:2: 1109 daAuts
  Lair:1: 935 daAuts
  Lair:4: 876 daAuts
    D:10: 873 daAuts
  Lair:2: 787 daAuts
     D:7: 777 daAuts
     D:4: 748 daAuts
     D:8: 677 daAuts
     D:5: 613 daAuts
     D:3: 544 daAuts
